 Dungeon Crawl Stone Soup version 0.25-a0-731-g0472a16d6a (webtiles) character file.

Game seed: 17387358379610641568, levelgen mode: deterministic

47 BowlsofSteal the Insei (level 3, 0/23 HPs)
             Began as an Octopode Transmuter on Apr 8, 2020.
             Succumbed to an adder's poison
             ... on level 2 of the Dungeon on Apr 9, 2020.
             The game lasted 00:08:23 (1877 turns).

BowlsofSteal the Insei (Octopode Transmuter)        Turns: 1877, Time: 00:08:24

Health: 0/23       AC:  1    Str:  9    XL:     3   Next: 70%
Magic:  1/6        EV: 13    Int: 16    God:
Gold:   34         SH:  0    Dex: 12    Spells: 5/6 levels left

rFire    . . .     SeeInvis .   h - +0 spear
rCold    . . .     Gourm    .   (no shield)
rNeg     . . .     Faith    .   (helmet restricted)
rPois    .         Spirit   +   d - amulet of guardian spirit
rElec    .         Reflect  .   (no ring)
rCorr    .         Harm     .   (no ring)
MR       .....                  (no ring)
Stlth    ++........             (no ring)
HPRegen  0.07/turn              (no ring)
MPRegen  0.10/turn              (no ring)
                                (no ring)
                                (no ring)

@: lethally poisoned (0 -> -10)
A: almost no armour, stealthy swim, amphibious, 8 rings, constrict 8, camouflage
1, gelatinous body 1
a: no special abilities


You were on level 2 of the Dungeon.
You were not hungry.

You visited 1 branch of the dungeon, and saw 2 of its levels.

You collected 34 gold pieces.

Inventory:

Hand Weapons
 h - a +0 spear (weapon)
 i - a +0 club
 l - a +0 club
Missiles
 a - 12 arrows
 b - 13 sling bullets
 k - 22 stones (quivered)
Jewellery
 d - an amulet of guardian spirit (around mantle)
 f - an uncursed ring of flight
Scrolls
 e - a scroll of enchant weapon {unknown}
 j - a scroll of teleportation
Potions
 n - a potion of lignification
Comestibles
 c - 4 rations
 g - a chunk of flesh


   Skills:
 + Level 1.0 Fighting
 + Level 0.4 Polearms
 + Level 2.1 Dodging
 + Level 0.2 Stealth
 + Level 3.8 Unarmed Combat
 + Level 2.4 Spellcasting
 + Level 2.3 Transmutations


You had 5 spell levels left.
You knew the following spells:

 Your Spells              Type           Power        Failure   Level  Hunger
a - Beastly Appendage     Tmut           #.....       8%          1    #......

Your spell library contained the following spells:

 Spells                   Type           Power        Failure   Level  Hunger
 Sticks to Snakes         Tmut           #.......     12%         2    ###....
 Spider Form              Tmut/Pois      #.........   36%         3    ###....
 Ice Form                 Ice/Tmut       #.......     77%         4    #####..
 Blade Hands              Tmut           #.........   91%         5    ######.


Dungeon Overview and Level Annotations

Branches:
Dungeon (2/15)

Altars:


Innate Abilities, Weirdness & Mutations

You cannot wear most types of armour.
You are very stealthy in the water. (Stealth+)
You are amphibious.
You can wear up to eight rings at the same time.
You can use your tentacles to constrict eight enemies at once.
Your skin changes colour to match your surroundings (Stealth+).
Your rubbery body absorbs attacks. (AC +1, EV +1)


Message History

* * * LOW HITPOINT WARNING * * *
You feel sick. The adder bites you.
* * * LOW HITPOINT WARNING * * *
The adder closely misses you.
You hit the adder.
You kill the adder!
* * * LOW HITPOINT WARNING * * *
You feel sick.
The rat twitches its whiskers.
You barely miss the rat. You grab the rat. You constrict the rat.
* * * LOW HITPOINT WARNING * * *
You feel sick. The rat bites you.
* * * LOW HITPOINT WARNING * * *
You barely miss the rat.
The rat is moderately wounded.
You constrict the rat. The rat bites you.
* * * LOW HITPOINT WARNING * * *
You hit the rat.
You kill the rat!
You die...

#############
#............
######.###########
##......# ......
##...####.....######
#.............# #.
##...####.###.# #.
##@## .# # #. #)##
.# . #..# .# ## #..#
.# #..# ##..####.#
#........#
#...###### #.(.#


There were no monsters in sight!

Vanquished Creatures
  An adder (D:2)
  2 dart slugs (D:1)
  A leopard gecko (D:1)
  A ball python (D:2)
  A giant cockroach (D:1)
  6 hobgoblins
  5 jackals (D:1)
  A quokka (D:2)
  3 bats (D:1)
  A frilled lizard (D:2)
  2 goblins (D:1)
  3 kobolds
  4 rats
31 creatures vanquished.

Notes
Turn   | Place    | Note
-------+----------+-------------------------------------------
     0 | D:1      | BowlsofSteal the Octopode Transmuter began the quest for
                  | the Orb.
     0 | D:1      | Reached XP level 1. HP: 13/13 MP: 3/3
   236 | D:1      | Reached XP level 2. HP: 11/18 MP: 5/5
   899 | D:1      | Reached XP level 3. HP: 23/23 MP: 4/6
  1876 | D:2      | HP: 1/23 [rat (2)]
  1877 | D:2      | Succumbed to an adder's poison

Levels and vault maps discovered:
D:1:      dpeg_arrival_rhombi, layout_basic
D:2:      layout_loops_ring, marbit_many_paths

Action                   || total
-------------------------++-------
Melee: Unarmed           ||    29
       Constrict         ||    23
       Tentacles         ||    11
       Kick              ||     8
       Spear             ||    50
       Punch             ||     3
 Cast: Beastly Appendage ||     8
  Use: Scroll            ||     3
       Potion            ||     2
 Stab: Sleeping          ||     1
  Eat: Ration            ||     1
       Chunk             ||     1
Armor: Skin              ||     5
Dodge: Dodged            ||    52

Table legend:
 A = Non-vault XP
 B = Vault XP
 C = Vault XP percentage of total XP
 D = Non-vault monster count
 E = Vault monster count
 F = Vault count percentage of total count
                 A         B        C        D         E       F
            +---------+---------+-------+---------+---------+-------
      Total |      68 |       0 |   0.0 |      31 |       0 |   0.0
            +---------+---------+-------+---------+---------+-------
        D:1 |      43 |       0 |   0.0 |      22 |       0 |   0.0
        D:2 |      25 |       0 |   0.0 |       9 |       0 |   0.0
            +---------+---------+-------+---------+---------+-------
